 Dungeon Crawl Stone Soup version 0.28-a0-119-ga52ba8600a (webtiles) character file.

Game seed: 5597168590979598969

222 Memezis the Poker (level 5, -2/70 HPs)
             Began as a Minotaur Berserker on Aug 13, 2021.
             Was a Believer of Trog.
             Slain by a gnoll (3 damage)
             ... on level 4 of the Dungeon.
             The game lasted 00:08:48 (3242 turns).

Memezis the Poker (Minotaur Berserker)              Turns: 3242, Time: 00:08:49

Health: -2/70      AC:  4    Str: 22    XL:     5   Next: 66%
Magic:  4/4        EV: 12    Int:  4    God:    Trog [**....]
Gold:   116        SH:  0    Dex: 10    Spells: 4/4 levels left

rFire   + . .      SeeInvis .   a - +0 spear
rCold   + . .      Faith    .   (no shield)
rNeg    . . .      Spirit   .   f - +0 leather armour
rPois   .          Reflect  .   (helmet restricted)
rElec   .          Harm     .   l - scarf {rC+ rF+}
rCorr   .          Rampage  .   (no gloves)
Will    .....                   e - +0 pair of boots
Stlth   ..........              (no amulet)
HPRegen 0.21/turn               (no ring)
MPRegen 0.09/turn               (no ring)

@: berserking, very quick
A: horns 2, retaliatory headbutt
a: Renounce Religion, Berserk, Trog's Hand


You were on level 4 of the Dungeon.
You worshipped Trog.
Trog was pleased with you.
You visited 1 branch of the dungeon, and saw 4 of its levels.

You collected 116 gold pieces.

Inventory:

Hand Weapons
 a - a +0 spear (weapon)
Armour
 b - a +0 animal skin
 e - a +0 pair of boots (worn)
 f - a +0 leather armour (worn)
 g - a +0 cloak
 l - a scarf of resistance (worn)
 t - a +0 scale mail
Jewellery
 i - a ring of positive energy
 k - a ring of resist corrosion
Scrolls
 c - a scroll of holy word {unknown}
 d - 5 scrolls of identify {unknown}
 h - a scroll of torment {unknown}
 j - 3 scrolls of enchant armour {unknown}
 o - a scroll of vulnerability {unknown}
 p - a scroll of immolation {unknown}
 q - 2 scrolls of teleportation {unknown}
 r - a scroll of fog {unknown}
Potions
 m - a potion of flight {unknown}
 n - a potion of lignification {unknown}
 s - a potion of haste {unknown}
 u - a potion of mutation {unknown}


   Skills:
 + Level 4.7 Fighting
 * Level 6.2 Polearms
 * Level 3.2 Armour
 + Level 3.1 Dodging
 - Level 0.2 Stealth


You had 4 spell levels left.
You didn't know any spells.
Your spell library was empty.

Dungeon Overview and Level Annotations

Branches:
Dungeon (4/15)
 Temple: D:4-7

Altars:
Cheibriados
Kikubaaqudgha
Trog


Innate Abilities, Weirdness & Mutations

You have a pair of horns on your head.
You reflexively headbutt those who attack you in melee.


Message History

The gnoll hits you from afar with a +0 spear.
The gnoll hits you with a +0 club. The gnoll hits you with a +0 flail.
* * * LOW HITPOINT WARNING * * *
You rip the net and break free!
The gnoll closely misses you. The gnoll hits you with a +0 club.
* * * LOW HITPOINT WARNING * * *
The gnoll completely misses you.
Save game and exit?
Okay, then.
Drop what? 22/52 slots (_ for help) (? for menu, Esc to quit)
Okay, then.
You don't know any spells.
Press: ? - help, v - describe, . - travel The floor.
Unknown command.
There are no items here.
There are no items here.
You don't know any spells.
There's nothing to close nearby.
Okay, then.
Save game and exit?
Okay, then.
You drop a ring of fire.
The gnoll closely misses you. The gnoll hits you with a +0 flail!
* * * LOW HITPOINT WARNING * * *
The gnoll closely misses you. You furiously retaliate!
You headbutt the gnoll.
You kill the gnoll!
Trog accepts your kill.
Okay, then.
(D) Dungeon
Where to? (Enter - D:3 @ (x,y), ? - help)
Okay, then.
There are monsters nearby!
There are monsters nearby!
A red film seems to cover your vision as you go berserk!
You feel yourself moving faster!
You feel mighty!
The gnoll hits you from afar with a +0 spear.
* * * LOW HITPOINT WARNING * * *
The gnoll hits you with a +0 flail.
You die...

#......#
#......#
#......#
#......#
#......#
+......#
#....g.#
######g## #@)#
#######.########
................
#######.#######.
#..# ##.#
####### #.#
#.....###'##
#..........#


You could see 2 gnolls.

Vanquished Creatures
  A hound (D:4)
  An iron imp (D:4)
  A jelly (D:2)
  A gnoll (D:4)
  3 adders
  An adder skeleton (D:4)
  A worm (D:2)
  3 dart slugs
  An orc (D:3)
  6 bats
  8 endoplasms
  5 giant cockroaches
  3 goblins
  11 hobgoblins
  9 jackals
  2 quokkas
  6 ball pythons
  3 frilled lizards
  4 kobolds
  7 rats
77 creatures vanquished.

Notes
Turn   | Place    | Note
-------+----------+-------------------------------------------
     0 | D:1      | Memezis the Minotaur Berserker began the quest for the Orb.
     0 | D:1      | Reached XP level 1. HP: 19/19 MP: 0/0
   142 | D:1      | Found a faded altar of an unknown god.
   159 | D:1      | Reached XP level 2. HP: 22/27 MP: 1/1
   345 | D:1      | Reached skill level 4 in Polearms
   646 | D:1      | Reached XP level 3. HP: 33/33 MP: 2/2
   975 | D:2      | Reached skill level 5 in Polearms
   975 | D:2      | Reached XP level 4. HP: 20/41 MP: 3/3
  1280 | D:2      | Reached ** piety under Trog
  1427 | D:2      | Found a bloodstained altar of Trog.
  2273 | D:3      | Found a bloodstained altar of Trog.
  2858 | D:4      | Reached XP level 5. HP: 46/47 MP: 4/4
  2907 | D:4      | Found an ancient bone altar of Kikubaaqudgha.
  3019 | D:4      | Found a snail-covered altar of Cheibriados.
  3102 | D:4      | Reached skill level 6 in Polearms
  3242 | D:4      | HP: 1/70 [gnoll (5)]
  3242 | D:4      | Slain by a gnoll

Illustrated notes

Levels and vault maps discovered:
D:1:      dpeg_arrival_arbitrary_a, layout_loops_ring,
          chequers_ecumenical_altar_simple_redux
D:2:      layout_loops_ring, basic_altar
D:3:      layout_loops_ring, trog_book
D:4:      layout_basic, bloody_makhleb, general_overflow_altar,
          chei_slow_surprise, hangedman_decor_push

Skill      XL: |  1  2  3  4  5 |
---------------+----------------+-----
Fighting       | 4 |  4.7
Polearms       | 4 5 6 |  6.2
Dodging        | 3 |  3.1
Armour         | 3 |  3.2
Stealth        | |  0.2

Action                   |  1- 3 |  4- 6 || total
-------------------------+-------+-------++-------
Melee: Spear             |    77 |   132 ||   209
       Headbutt          |    11 |    20 ||    31
Invok: Berserk           |       |     1 ||     1
 Stab: Sleeping          |       |     2 ||     2
Armor: Animal skin       |     3 |       ||     3
       Leather armour    |     1 |    17 ||    18
Dodge: Dodged            |    25 |    56 ||    81

Table legend: (Time is in decaauts)
 A = Elapsed time spent in this place.
 B = Non-inter-level travel time spent in this place.
 C = Inter-level travel time spent in this place.
 D = Time resting spent in this place.
 E = Time spent auto-exploring this place.
 F = Levels seen in this place.
 G = Mean time per level.
                   A        B        C        D        E       F      G
               +--------+--------+--------+--------+--------+-----+--------+
         Total |   3212 |   3037 |    175 |      0 |   2508 |   4 |  803.0 |
       Dungeon |   3212 |   3037 |    175 |      0 |   2508 |   4 |  803.0 |
               +--------+--------+--------+--------+--------+-----+--------+

Top non-repeatable levels by time:
     D:2: 1067 daAuts
     D:1: 931 daAuts
     D:3: 832 daAuts
     D:4: 381 daAuts
